Construct Infanterie Kompanie
Construct Panzergrenadier Kompanie
Construct Panzer Kompanie
Selects Mechanized Battlegroup
Selects Mobile Repair Stations
Selects Wespe Self-propelled Artillery
Pak 40 Anti-tank Gun Team
Wespe Self-propelled Artillery
Selects Zeroing Artillery Barrage
Zeroing Artillery Barrage
Panzergrenadier Officer Quarters
Selects 8 Rad Armored Car
Selects UNKNOWN (2160084)
Zeroing Artillery Barrage
Infanterie Officer Quarters
Zeroing Artillery Barrage
Zeroing Artillery Barrage